 Dungeon Crawl Stone Soup version 0.28-a0-265-g048bc9fd10 (webtiles) character file.

Game seed: 7336364497477448462

326 aSlayers the Poker (level 6, -1/38 HPs)
             Began as a Tengu Abyssal Knight on Aug 27, 2021.
             Was a Believer of Lugonu.
             Slain by a meliai zombie (5 damage)
             ... on level 5 of the Dungeon.
             The game lasted 00:04:53 (5084 turns).

aSlayers the Poker (Tengu Abyssal Knight)           Turns: 5084, Time: 00:04:53

Health: -1/38      AC:  3    Str: 15    XL:     6   Next: 49%
Magic:  8/8        EV: 14    Int: 12    God:    Lugonu [**....]
Gold:   258        SH:  0    Dex: 13    Spells: 5/5 levels left

rFire   . . .      SeeInvis .   a - +1 spear
rCold   . . .      Faith    +   (no shield)
rNeg    . . .      Spirit   .   b - +0 leather armour
rPois   .          Reflect  .   (helmet restricted)
rElec   .          Harm     .   (no cloak)
rCorr   .          Rampage  .   (no gloves)
Will    .....                   (boots unavailable)
Stlth   ++........              v - amulet of faith
HPRegen 0.12/turn               (no ring)
MPRegen 0.11/turn               (no ring)

@: about to teleport, flying quickly and evasively, quick
A: beak, talons 3, nimble flight
a: Renounce Religion, Depart the Abyss, Bend Space


You were on level 5 of the Dungeon.
You worshipped Lugonu.
Lugonu was pleased with you.
You visited 1 branch of the dungeon, and saw 5 of its levels.
You visited the Abyss 1 time.

You collected 258 gold pieces.

Inventory:

Hand Weapons
 a - a +1 spear (weapon)
Armour
 b - a +0 leather armour (worn)
Jewellery
 d - a ring of positive energy
 v - an amulet of faith (around neck)
Wands
 u - a wand of polymorph (8)
Scrolls
 c - a scroll of noise {unknown}
 e - a scroll of acquirement {unknown}
 f - a scroll of enchant weapon {unknown}
 g - a scroll of magic mapping {unknown}
 k - 3 scrolls of amnesia {unknown}
 n - 3 scrolls of identify {unknown}
 p - a scroll of enchant armour {unknown}
 r - a scroll of immolation {unknown}
Potions
 h - 2 potions of lignification {unknown}
 j - a potion of might {unknown}
 l - a potion of attraction {unknown}
 m - 2 potions of flight {unknown}
 o - a potion of heal wounds {unknown}
 q - 2 potions of berserk rage {unknown}
 s - a potion of haste {unknown}
 t - 3 potions of curing {unknown}
 w - a potion of magic {unknown}


   Skills:
 + Level 4.1 Fighting
 + Level 4.4 Polearms
 + Level 3.2 Armour
 + Level 2.7 Dodging
 + Level 2.5 Stealth
 + Level 1.8 Invocations


You had 5 spell levels left.
You didn't know any spells.
Your spell library contained the following spells:

 Spells                   Type           Power      Damage    Failure   Level
 Ignite Poison            Fire/Tmut/Pois 0%         N/A       77%         3
 Mephitic Cloud           Conj/Pois/Air  0%         N/A       77%         3
 Bolt of Magma            Conj/Fire/Erth 0%         4d4       100%        5


Dungeon Overview and Level Annotations

Branches:
Dungeon (5/15)             Temple (0/1) D:5

Altars:
Elyvilon
Vehumet
The Shining One


Innate Abilities, Weirdness & Mutations

You have a beak for a mouth.
You have claws for feet.
Your magical nature lets you fly swiftly and evasively.


Message History

A meliai zombie is nearby!
No target in view!
No target in view!
No target in view!
No target in view!
No target in view!
No target in view!
No target in view!
No target in view!
No target in view!
You see here a scroll labelled MEIMOCH FIUWIEHEMN.
A meliai zombie is nearby!
Found a dagger.
You hit the meliai zombie but do no damage.
The meliai zombie barely misses you. The meliai zombie hits you.
You barely miss the meliai zombie. The meliai zombie hits you.
The meliai zombie closely misses you. The meliai zombie hits you!
The meliai zombie hits you but does no damage.
You hit the meliai zombie. You claw the meliai zombie.
You peck the meliai zombie.
The meliai zombie is lightly damaged.
The meliai zombie hits you. The meliai zombie closely misses you.
You are too injured to fight recklessly!
You are too injured to fight recklessly!
You are too injured to fight recklessly!
You are too injured to fight recklessly!
You are too injured to fight recklessly!
You are too injured to fight recklessly!
You are too injured to fight recklessly!
You are too injured to fight recklessly!
You are too injured to fight recklessly!
You are too injured to fight recklessly!
As you read the scroll of teleportation, it crumbles to dust.
You feel strangely unstable. The meliai zombie hits you.
The meliai zombie hits you but does no damage.
The meliai zombie hits you!
* * * LOW HITPOINT WARNING * * *
The meliai zombie hits you but does no damage.
The meliai zombie hits you.
You die...

#..[...#######.#
#.............#
#.####.######## #.#
#..##### #.# ##.....###
#### #.# #.......#
.....####.#####.....#.##
.................>.....##
.).....Z@?.........#.#...
.....##########>...#.###.
... #<.....#...##...## .
#..#.###...#......
########.##...##..>..#
.......))...#........#
########.##..)###...##
#.####.).###.# #.#
##)...#.#.


You could see a meliai zombie.

Vanquished Creatures
  A necrophage (D:4)
  A scorpion (D:4)
  A jelly (D:4)
  5 adders
  2 adder skeletons
  A worm (D:3)
  11 orcs
  9 ball pythons
  3 bats
  6 endoplasms
  6 giant cockroaches
  11 goblins
  7 hobgoblins
  2 jackals (D:1)
  7 kobolds
  3 quokkas
  3 frilled lizards
  5 rats
84 creatures vanquished.

Notes
Turn   | Place    | Note
-------+----------+-------------------------------------------
     0 | Abyss:1  | aSlayers the Tengu Abyssal Knight began the quest for the
                  | Orb.
     0 | Abyss:1  | Reached XP level 1. HP: 14/14 MP: 3/3
     0 | D:1      | Escaped the Abyss
   271 | D:1      | Reached XP level 2. HP: 16/19 MP: 4/4
   372 | D:1      | Reached * piety under Lugonu
   796 | D:1      | Reached XP level 3. HP: 23/23 MP: 5/5
  1479 | D:2      | Found a glowing golden altar of the Shining One.
  2122 | D:3      | Reached XP level 4. HP: 25/28 MP: 6/6
  2586 | D:3      | Reached ** piety under Lugonu
  2940 | D:3      | Reached skill level 1 in Stealth
  3394 | D:4      | Gained mutation: Your magical nature lets you fly swiftly
                  | and evasively. [Tengu growth]
  3394 | D:4      | Reached XP level 5. HP: 26/33 MP: 7/7
  3476 | D:4      | Noticed a necrophage
  3478 | D:4      | Killed a necrophage
  3568 | D:4      | Found a white marble altar of Elyvilon.
  3668 | D:4      | Reached XP level 6. HP: 16/38 MP: 8/8
  4395 | D:5      | Entered Level 5 of the Dungeon
  4520 | D:5      | Found a staircase to the Ecumenical Temple.
  4739 | D:5      | Found a radiant altar of Vehumet.
  5084 | D:5      | Slain by a meliai zombie

Illustrated notes

Levels and vault maps discovered:
D:1:      giann_horns, layout_basic, kennysheep_nondescript, minivault_5,
          item_on_display_a
D:2:      layout_basic, basic_altar, ebering_dispersal_statue_hall, hex_medium,
          minivault_23
D:3:      layout_loops_corners, chequers_serial_rivers_marsh
D:4:      layout_loops_cross, elyvilon_altar_5
D:5:      kennysheep_windowed_halls, layout_basic, lemuel_tele_altar, tgw_sif,
          minmay_temple_entry_slanted, serial_glass, glass_columns_c,
          glass_columns_b

Skill      XL: |  1  2  3  4  5 |
---------------+----------------+-----
Polearms       | 3 4 |  4.4
Dodging        | 2 |  2.7
Stealth        | 1 2 |  2.5
Armour         | 3 |  3.2
Fighting       | 4 |  4.1
Invocations    | |  1.8

Action                   |  1- 3 |  4- 6 || total
-------------------------+-------+-------++-------
Melee: Spear             |   107 |   171 ||   278
       Peck              |    12 |    20 ||    32
       Kick              |    17 |    33 ||    50
Invok: Depart the Abyss  |     1 |       ||     1
  Use: Scroll            |       |     3 ||     3
 Stab: Sleeping          |     4 |     5 ||     9
Armor: Leather armour    |    18 |    19 ||    37
Dodge: Dodged            |    39 |    82 ||   121

Table legend: (Time is in decaauts)
 A = Elapsed time spent in this place.
 B = Non-inter-level travel time spent in this place.
 C = Inter-level travel time spent in this place.
 D = Time resting spent in this place.
 E = Time spent auto-exploring this place.
 F = Levels seen in this place.
 G = Mean time per level.
                   A        B        C        D        E       F      G
               +--------+--------+--------+--------+--------+-----+--------+
         Total |   4996 |   4996 |      0 |      0 |   4257 |   6 |  832.7 |
       Dungeon |   4996 |   4996 |      0 |      0 |   4257 |   5 |  999.2 |
         Abyss |      0 |      0 |      0 |      0 |      0 |   1 |    0.0 |
               +--------+--------+--------+--------+--------+-----+--------+

Top non-repeatable levels by time:
     D:3: 1485 daAuts
     D:1: 973 daAuts
     D:4: 936 daAuts
     D:2: 928 daAuts
     D:5: 673 daAuts
